 Dungeon Crawl Stone Soup version 0.30-a0-161-gdd60e06945 (webtiles) character file.

Game seed: 11891360489816232607

337 qw the Chopper (level 6, -3/38 HPs)
             Began as a Gargoyle Fighter on Sept 27, 2022.
             Slain by Pikel
             ... wielding a +2 whip of freezing
              (10 damage)
             ... on level 4 of the Dungeon.
             The game lasted 00:01:09 (3127 turns).

qw the Chopper (Gargoyle Fighter)                   Turns: 3127, Time: 00:01:09

Health: -3/38      AC: 14    Str: 15 (18) XL:     6   Next: 54%
Magic:  15/15      EV:  8    Int:  6 (9)  God:
Gold:   219        SH:  4    Dex:  7 (9)  Spells: 5/5 levels left

rFire   . . .      SeeInvis .    Y - +1 war axe
rCold   . . .      Faith    .    c - +0 buckler
rNeg    + . .      Spirit   .    b - +0 scale mail
rPois   inf        Reflect  .    f - +0 helmet
rElec   +          Harm     .    a - +0 cloak
rCorr   .          Rampage  .    (no gloves)
Will    .....                    g - +0 pair of boots of Eternity {rElec MP+9 Str-3}
Stlth   ..........               (no amulet)
HPRegen 0.12/turn                (no ring)
MPRegen 0.14/turn                (no ring)

@: no status effects
A: sickness immunity, AC +4, negative energy resistance 1, electricity
resistance, torment resistance 1, petrification resistance
a: no special abilities


You were on level 4 of the Dungeon.
You visited 1 branch of the dungeon, and saw 4 of its levels.

You collected 219 gold pieces.


Innate Abilities, Weirdness & Mutations

You are immune to sickness and miasma.
Your stone body is resilient. (AC +4)
You are immune to poison.
You resist negative energy. (rN+)
You are resistant to electric shocks. (rElec)
You are resistant to unholy torment.
You are immune to petrification.


   Skills:
 + Level 3.9 Fighting
 - Level 5.9 Axes
 - Level 3.2 Armour
 - Level 3.2 Shields


You had 5 spell levels left.
You didn't know any spells.
Your spell library was empty.

Inventory:

Hand Weapons
 h - a +0 flail
 Y - a +1 war axe (weapon)
Armour
 a - a +0 cloak (worn)
 b - a +0 scale mail (worn)
 c - a +0 buckler (worn)
 f - a +0 helmet (worn)
 g - the +0 pair of boots of Eternity (worn) {rElec MP+9 Str-3}
   (You found it on level 2 of the Dungeon)

   Str:       It affects your strength (-3).
   rElec:     It insulates you from electricity.
   MP:        It affects your magic capacity (+9).
Jewellery
 l - a ring of ice
Scrolls
 k - a scroll of identify
Potions
 d - 2 potions of might
 m - a potion of attraction {unknown}

Dungeon Overview and Level Annotations

Branches:
Dungeon (4/15)
 Temple: D:4-7

Altars:
Xom

Annotations:
D:4 Pikel


Message History

Pikel hits you but does no damage.
You barely miss Pikel.
Pikel is moderately wounded.
You barely miss the lemure. The lemure hits you. You block Pikel's attack.
You miss Pikel.
Pikel is moderately wounded.
You hit the lemure. The lemure closely misses you.
Pikel hits you with a +2 whip of freezing.
Pikel freezes you.
You barely miss Pikel.
Pikel is moderately wounded.
You hit the lemure but do no damage. The lemure barely misses you.
Pikel closely misses you.
You barely miss Pikel.
Pikel is moderately wounded.
You closely miss the lemure. The lemure hits you but does no damage.
Pikel closely misses you. The lemure hits you. Pikel completely misses you.
You hit Pikel.
Pikel is moderately wounded.
You barely miss the lemure. You block the lemure's attack.
Pikel hits you with a +2 whip of freezing.
Pikel freezes you.
You closely miss Pikel.
Pikel is moderately wounded.
You hit the lemure. The lemure barely misses you.
Pikel hits you but does no damage.
You closely miss Pikel.
Pikel is moderately wounded.
You slash the lemure! The lemure hits you but does no damage.
Pikel hits you but does no damage.
You closely miss the lemure.
The lemure is heavily wounded.
You closely miss Pikel. The lemure barely misses you.
Pikel hits you with a +2 whip of freezing!
You die...

.# .# .
..# 5.
##.# #g.
... #...
##.# #.w.
##..#
#..##K@#
#..55##
#....w5..#
#.##.....#
#. #.....#
#.......
......###
##......
....$.#.


You could see Pikel, 3 lemures and a worm.

Vanquished Creatures
  Grinder (D:3)
  A lemure (D:4)
  Robin (D:3)
  A gnoll (D:1)
  3 adders
  4 worms
  A dart slug (D:1)
  2 orcs (D:3)
  11 ball pythons
  5 endoplasms
  4 giant cockroaches
  16 goblins
  4 hobgoblins
  4 jackals (D:3)
  6 quokkas
  4 bats
  2 frilled lizards
  4 kobolds
  3 rats
77 creatures vanquished.

Notes
Turn   | Place    | Note
-------+----------+-------------------------------------------
     0 | D:1      | qw the Gargoyle Fighter began the quest for the Orb.
     0 | D:1      | Reached XP level 1. HP: 14/14 MP: 1/1
     0 | D:1      | 0 ||| qw: Version: 0.2-a-10-g37ed214
     0 | D:1      | 0 ||| qw: Game counter: 656
     0 | D:1      | 0 ||| qw: Always use a shield: true
     0 | D:1      | 0 ||| qw: God list: Okawaru
     0 | D:1      | 0 ||| qw: Allow faded altars: false
     0 | D:1      | 0 ||| qw: Do Orc after D:15 true
     0 | D:1      | 0 ||| qw: Do second Lair branch before Depths: true
     0 | D:1      | 0 ||| qw: Lair rune preference: random
     0 | D:1      | 0 ||| qw: Plans: Normal, Zot:1-4, God:TSO, Crypt, Tomb,
                  | Pan, Slime:5, Hells, Abyss, Orb
     0 | D:1      | 0 ||| PLANNING D:1-11
    94 | D:1      | Reached skill level 2 in Axes
   288 | D:1      | 288 ||| Stepping ~*~*~tactically~*~*~ (stealth).
   297 | D:1      | Reached XP level 2. HP: 17/19 MP: 2/2
   321 | D:1      | Found a faded altar of an unknown god.
   323 | D:1      | 323 ||| DROPPING +0 club.
   328 | D:1      | 328 ||| Stepping ~*~*~tactically~*~*~ (stealth).
   341 | D:1      | Reached skill level 3 in Axes
   536 | D:1      | Reached XP level 3. HP: 23/23 MP: 3/3
   643 | D:1      | 643 ||| Stepping ~*~*~tactically~*~*~ (hiding).
   999 | D:1      | 999 ||| UPGRADING to +0 helmet.
  1004 | D:1      | 1004 ||| READING scroll labelled XUOSEI NEWE.
  1005 | D:1      | 1005 ||| READING scroll labelled BAQARIU DIJYMAVE.
  1006 | D:1      | 1006 ||| READING scroll labelled DEGHOC LUOTUUN.
  1007 | D:1      | 1007 ||| READING scroll labelled OGAVAFATACS.
  1008 | D:1      | 1008 ||| READING scroll labelled URUCUADA HYRA.
  1495 | D:2      | Identified the +0 pair of boots of Eternity {rElec MP+9
                  | Str-3}
  1506 | D:2      | Reached XP level 4. HP: 22/28 MP: 4/4
  1901 | D:2      | 1901 ||| Stepping ~*~*~tactically~*~*~ (stealth).
  1911 | D:2      | Reached skill level 4 in Axes
  2100 | D:2      | 2100 ||| UPGRADING to +0 cloak.
  2105 | D:2      | 2105 ||| UPGRADING to +0 pair of boots of Eternity {rElec
                  | MP+9 Str-3}.
  2180 | D:2      | 2180 ||| READING scroll labelled GOINWOTAUT.
  2206 | D:3      | 2206 ||| Stepping ~*~*~tactically~*~*~ (stealth).
  2207 | D:3      | 2207 ||| Stepping ~*~*~tactically~*~*~ (stealth).
  2213 | D:3      | 2213 ||| Stepping ~*~*~tactically~*~*~ (stealth).
  2217 | D:3      | 2217 ||| DROPPING +0 whip.
  2248 | D:3      | 2248 ||| Stepping ~*~*~tactically~*~*~ (stealth).
  2249 | D:3      | 2249 ||| Stepping ~*~*~tactically~*~*~ (stealth).
  2344 | D:3      | 2344 ||| Stepping ~*~*~tactically~*~*~ (stealth).
  2345 | D:3      | 2345 ||| Stepping ~*~*~tactically~*~*~ (stealth).
  2356 | D:3      | 2356 ||| Stepping ~*~*~tactically~*~*~ (stealth).
  2441 | D:3      | Noticed Grinder
  2442 | D:3      | 2442 ||| Stepping ~*~*~tactically~*~*~ (hiding).
  2464 | D:3      | Killed Grinder
  2465 | D:3      | Reached skill level 5 in Axes
  2465 | D:3      | Reached XP level 5. HP: 32/32 MP: 5/5
  2465 | D:3      | Reached XP level 6. HP: 37/37 MP: 6/6
  2531 | D:3      | Found a shimmering altar of Xom.
  2565 | D:3      | Found a shimmering altar of Xom.
  2567 | D:3      | Found a shimmering altar of Xom.
  2567 | D:3      | Found a shimmering altar of Xom.
  2567 | D:3      | Found a shimmering altar of Xom.
  2571 | D:3      | Found a shimmering altar of Xom.
  2571 | D:3      | Found a shimmering altar of Xom.
  2773 | D:3      | 2773 ||| Stepping ~*~*~tactically~*~*~ (hiding).
  2776 | D:3      | Noticed Robin
  2787 | D:3      | Killed Robin
  3080 | D:3      | 3080 ||| READING 5 scrolls labelled DYJULI VEIS.
  3081 | D:3      | 3081 ||| READING scroll labelled ICZAYPTUFE.
  3084 | D:3      | 3084 ||| DRINKING 2 coppery potions.
  3085 | D:3      | 3085 ||| READING 2 scrolls of identify.
  3085 | D:3      | 3085 ||| IDENTIFYING black potion
  3086 | D:3      | 3086 ||| DROPPING potion of flight.
  3087 | D:3      | 3087 ||| DROPPING 4 scrolls of butterflies.
  3088 | D:3      | 3088 ||| DROPPING potion of degeneration.
  3104 | D:4      | Noticed Pikel
  3106 | D:4      | 3106 ||| Stepping ~*~*~tactically~*~*~ (stealth).
  3113 | D:4      | 3113 ||| Stepping ~*~*~tactically~*~*~ (stealth).
  3124 | D:4      | HP: 7/38 [Pikel/+2 whip of freezing (6)]
  3127 | D:4      | Slain by Pikel

Levels and vault maps discovered:
D:1:      saegor_arrival_under_anarchy, layout_basic,
          ebering_ecumenical_altar_abandoned
D:2:      layout_loops_corners, minmay_tiny_reverse_x
D:3:      layout_loops_ring, nicolae_xom_altar_mimics, minmay_distorted,
          uniq_robin, uniq_grinder
D:4:      layout_rooms, mainiacjoe_overflow_cross_hatched,
          mainiacjoe_overflow_24_doors, lemuel_round_altar, uniq_pikel,
          uniq_duvessa

Skill      XL: |  1  2  3  4 |
---------------+-------------+-----
Axes           | 2 3 5 |  5.9
Fighting       | |  3.9
Armour         | |  3.2
Shields        | |  3.2

Action                   |  1- 3 |  4- 6 || total
-------------------------+-------+-------++-------
Melee: War axe           |    94 |   129 ||   223
Throw: Boomerang         |    31 |       ||    31
  Use: Scroll            |     5 |     4 ||     9
       Potion            |       |     1 ||     1
Armor: Scale mail        |    46 |    91 ||   137
Dodge: Dodged            |    43 |    57 ||   100
Block: Buckler           |    14 |    25 ||    39

Table legend:
 A = Non-vault XP
 B = Vault XP
 C = Vault XP percentage of total XP
 D = Non-vault monster count
 E = Vault monster count
 F = Vault count percentage of total count
                 A         B        C        D         E       F
            +---------+---------+-------+---------+---------+-------
      Total |     164 |     318 |  66.0 |      59 |      17 |  22.4
            +---------+---------+-------+---------+---------+-------
        D:1 |      53 |       0 |   0.0 |      23 |       0 |   0.0
        D:2 |      47 |       3 |   6.0 |      15 |       2 |  11.8
        D:3 |      64 |     315 |  83.1 |      21 |      15 |  41.7
            +---------+---------+-------+---------+---------+-------
